 Dungeon Crawl Stone Soup version 0.21.1-1-g345015f (webtiles) character file.

20 inc the Chiller (level 2, 0/11 HPs)
             Began as a Felid Ice Elementalist on Mar 4, 2018.
             Slain by an adder (5 damage)
             ... on level 2 of the Dungeon.
             The game lasted 00:01:16 (962 turns).

inc the Chiller (Felid Ice Elementalist)             Turns: 962, Time: 00:01:17

Health: 0/11       AC:  1    Str:  4    XL:     2   Next: 58%
Magic:  4/6        EV: 18    Int: 16    God:
Gold:   48         SH:  0    Dex: 16    Spells: 4/5 levels left
                                        Lives:  0   Deaths: 0

rFire    . . .     SeeInvis +   (weapon unavailable)
rCold    . . .     Gourm    .   (shield unavailable)
rNeg     . . .     Faith    .   (armour unavailable)
rPois    .         Spirit   .   (helmet unavailable)
rElec    .         Reflect  .   (cloak unavailable)
rCorr    .         Harm     .   (gloves unavailable)
MR       .....                  (boots unavailable)
Stlth    +++.......             (no amulet)
HPRegen  0.03/turn              (no ring)
MPRegen  0.10/turn              (no ring)

@: lethally poisoned (0 -> -13), quick
A: very small, no armour, no weapons or thrown items, stealth, claws 1, fangs 3,
see invisible, carnivore, speed 1, shaggy fur 1, slow metabolism 1, sharp paws
a: no special abilities


You were on level 2 of the Dungeon.
You were not hungry.

You visited 1 branch of the dungeon, and saw 2 of its levels.

You collected 48 gold pieces.

Inventory:

Scrolls
 d - 2 scrolls of immolation {unknown}
 e - a scroll of noise {unknown}
Potions
 c - a potion of degeneration {unknown}
Books
 a - a book of Frost

   Spells                             Type                      Level
   a - Freeze                         Ice                          1
   b - Throw Frost                    Conjuration/Ice              2
   c - Ozocubu's Armour               Charms/Ice                   3
   d - Throw Icicle                   Conjuration/Ice              4
   e - Summon Ice Beast               Ice/Summoning                4
Comestibles
 b - 2 rations


   Skills:
 - Level 2.6 Dodging
 - Level 2.6 Stealth
 - Level 2.0 Spellcasting
   Level 0.8 Conjurations
 + Level 3.6 Ice Magic


You had 4 spell levels left.
You knew the following spells:

 Your Spells              Type           Power        Failure   Level  Hunger
a - Freeze                Ice            ##..         4%          1    #......


Dungeon Overview and Level Annotations

Branches:
Dungeon (2/15)

Altars:
Qazlal


Innate Abilities, Weirdness & Mutations

You cannot wear armour.
You are incapable of wielding weapons or throwing items.
Your paws allow you to move quietly. (Stealth)
You have sharp claws.
You have razor-sharp teeth.
You have supernaturally acute eyesight. (SInv)
You are carnivorous and can eat meat at any time.
You cover ground quickly.
You are covered in fur. (AC +1)
You have a slow metabolism.
Your sharp claws are effective at attacking unaware monsters.


Message History

The adder bites you.
You are lethally poisoned!
The adder poisons you!
Casting: Freeze
Confirm with . or Enter, or press ? or * to list all spells.
Aiming: Freeze
Press: ? - help, Shift-Dir - straight line, f - adder
Aim: an adder You freeze the adder.
The adder is lightly wounded.
You feel sick. The adder closely misses you.
Casting: Freeze
Confirm with . or Enter, or press ? or * to list all spells.
Aiming: Freeze
Press: ? - help, Shift-Dir - straight line, f/p - adder
Aim: an adder (lightly wounded)
You freeze the adder.
The adder is severely wounded.
You feel sick. The adder bites you.
You die...

.......# ###
#...#..# .#
......_# #. .#
#...#..# #.# .#
.......###.# .#
#########..# .#
##...## .#
####.....#####S#
.............@.#
##.....#######
##...## #####
##.##
)...#####.#
###.......#
#########


You could see an adder.

Vanquished Creatures
  2 bats (D:2)
  2 giant cockroaches (D:2)
  A goblin (D:1)
  A hobgoblin (D:2)
  3 jackals (D:2)
  2 frilled lizards (D:2)
  5 kobolds
  2 rats (D:2)
18 creatures vanquished.

Notes
Turn   | Place    | Note
-------+----------+-------------------------------------------
     0 | D:1      | inc the Felid Ice Elementalist began the quest for the Orb.
     0 | D:1      | Reached XP level 1. HP: 7/7 MP: 4/4
   362 | D:2      | Reached skill level 3 in Ice Magic
   439 | D:2      | Reached XP level 2. HP: 6/11 MP: 0/6
   709 | D:2      | Found a stormy altar of Qazlal.
   962 | D:2      | Slain by an adder

Skill      XL: |  1 |
---------------+----+-----
Ice Magic      | 3 |  3.6
Dodging        | |  2.6
Stealth        | |  2.6
Spellcasting   | |  2.0
Conjurations   | |  0.8

Action                   || total
-------------------------++-------
Melee: Unarmed           ||    10
 Cast: Freeze            ||    24
 Stab: Sleeping          ||     3
Dodge: Dodged            ||    30
